 Dungeon Crawl Stone Soup version 0.28.0-43-g3370ac3207 (webtiles) character file.

Game seed: 4244040129206047843

5691 xzight the Cleaver (level 10, -7/64 HPs)
             Began as a Gargoyle Fighter on Mar 1, 2022.
             Was a High Priest of Okawaru.
             Mangled by a boulder beetle (22 damage)
             ... on level 8 of the Dungeon.
             The game lasted 00:20:34 (10287 turns).

xzight the Cleaver (Gargoyle Fighter)              Turns: 10287, Time: 00:20:35

Health: -7/64      AC: 20    Str: 26    XL:     10   Next: 76%
Magic:  14/14      EV:  8    Int: 11    God:    Okawaru [*****.]
Gold:   439        SH:  5    Dex:  9    Spells: 9/9 levels left

rFire   . . .      SeeInvis .   a - +0 broad axe (vorpal)
rCold   + . .      Faith    .   c - +0 buckler
rNeg    + . .      Spirit   .   e - +0 chain mail
rPois   ∞          Reflect  .   g - +0 helmet
rElec   +          Harm     .   (no cloak)
rCorr   .          Rampage  .   (no gloves)
Will    .....                   k - +0 pair of boots
Stlth   ..........              (no amulet)
HPRegen 0.20/turn               S - +6 ring of strength
MPRegen 0.14/turn               n - ring of Red Wine {rElec rC+ Str-4 Int+2}

@: no status effects
A: sickness immunity, AC +7, negative energy resistance 1, electricity
resistance, torment resistance 1, petrification resistance
a: Renounce Religion, Heroism, Finesse, Duel


You were on level 8 of the Dungeon.
You worshipped Okawaru.
Okawaru was extremely pleased with you.
You visited 2 branches of the dungeon, and saw 9 of its levels.

You collected 439 gold pieces.


Innate Abilities, Weirdness & Mutations

You are immune to sickness and miasma.
Your stone body is resilient. (AC +7)
You are immune to poison.
You resist negative energy. (rN+)
You are resistant to electric shocks. (rElec)
You are resistant to unholy torment.
You are immune to petrification.


   Skills:
 + Level 7.9 Fighting
 * Level 8.8 Axes
 + Level 7.9 Armour
 + Level 7.9 Shields
 + Level 6.1 Invocations


You had 9 spell levels left.
You didn't know any spells.
Your spell library contained the following spells:

 Spells                   Type           Power      Damage    Failure   Level
 Gell's Gravitas          Tloc           0%         N/A       100%        3
 Teleport Other           Tloc           0%         N/A       100%        3
 Dispersal                Tloc           0%         N/A       100%        6

Inventory:

Hand Weapons
 a - a +0 vorpal broad axe (weapon)
 j - a +0 war axe
Armour
 c - a +0 buckler (worn)
 e - a +0 chain mail (worn)
 g - a +0 helmet (worn)
 k - a +0 pair of boots (worn)
Magical Staves
 q - a staff of conjuration {!a}
Jewellery
 n - the ring of Red Wine (right hand) {rElec rC+ Str-4 Int+2}
   (You acquired it in the Ecumenical Temple)

   [ring of protection from cold]

   Str:       It affects your strength (-4).
   Int:       It affects your intelligence (+2).
   rC:        It protects you from cold.
   rElec:     It insulates you from electricity.
 S - a +6 ring of strength (left hand)
Wands
 r - a wand of iceblast (16)
 w - a wand of flame (24)
Scrolls
 m - a scroll of magic mapping
 o - a scroll of identify {@r1}
 p - a scroll of immolation
 y - a scroll of amnesia {unknown}
Potions
 b - a potion of cancellation
 d - 2 potions of might
 i - 2 potions of curing {@q1}
 s - 2 potions of brilliance
 t - a potion of invisibility
 u - a potion of mutation
 v - a potion of magic
 x - a potion of attraction {unknown}
 z - a potion of lignification {unknown}

Dungeon Overview and Level Annotations

Branches:
Dungeon (8/15)             Temple (1/1) D:4
   Lair: D:8-11

Altars:
Ashenzari
Cheibriados
Dithmenos
Elyvilon
Fedhas
Gozag
Hepliaklqana
Kikubaaqudgha
Makhleb
Nemelex Xobeh
Okawaru
Qazlal
Ru
Sif Muna
Trog
Uskayaw
Vehumet
Wu Jian
Xom
Yredelemnul
Zin
The Shining One

Shops:
D:1 ? D:8

[ #
.....▒8...8▒.....▒.#
▒.▒.▒.▒.....▒.....▒.#.
....▒.....8..°B........
.▒ ▒ ▒.▒.....▒.○...▒..
▒8...8▒..[..▒.#.
▒▒▒.▒▒▒▒▒.▒▒▒...
▒.....▒.........▓
.▒.....▒.Bz......▓
...........@.......▒
...▒.....▒......##..
....▒.....▒......###.
... ▒▒▒.▒▒▒....#.... ..
.........##.....
#..####.......##. # #.#
##.......## #
##.#####.........#
###....##...(......##


You could see a boulder beetle and a skeletal warrior.


Message History

There is a stone staircase leading up here.
You hit the skeletal warrior but do no damage.
The skeletal warrior hits you with a +0 war axe!!
You hit the skeletal warrior.
The skeletal warrior is lightly damaged.
The skeletal warrior barely misses you.
The skeletal warrior hits you with a +0 war axe!
You barely miss the skeletal warrior. The skeletal warrior barely misses you.
You hit the skeletal warrior but do no damage.
The skeletal warrior hits you but does no damage.
You barely miss the skeletal warrior.
The skeletal warrior hits you but does no damage.
You closely miss the skeletal warrior.
You block the skeletal warrior's attack.
You barely miss the skeletal warrior. The skeletal warrior barely misses you.
You closely miss the skeletal warrior.
The skeletal warrior hits you but does no damage.
The skeletal warrior hits you with a +0 war axe.
You closely miss the skeletal warrior.
The skeletal warrior hits you with a +0 war axe.
You closely miss the skeletal warrior.
The skeletal warrior hits you with a +0 war axe!!
* * * LOW HITPOINT WARNING * * *
An acid dragon comes into view.
The boulder beetle curls into a ball and begins rolling!
The boulder beetle hits you but does no damage.
The boulder beetle stops rolling and uncurls.
There is a stone staircase leading up here.
The boulder beetle bites you!!
You die...

Skill      XL: |  1  2  3  4  5  6  7  8  9 10 |
---------------+-------------------------------+-----
Axes           | 2 3 4 5 6 7 8 |  8.8
Shields        | 4 5 6 7 |  7.9
Armour         | 4 5 6 7 |  7.9
Fighting       | 4 5 6 7 |  7.9
Invocations    | 2 3 5 6 |  6.1

Action                   |  1- 3 |  4- 6 |  7- 9 | 10-12 || total
-------------------------+-------+-------+-------+-------++-------
Melee: War axe           |    73 |   132 |       |       ||   205
       Broad axe         |       |    14 |   251 |    83 ||   348
Invok: Heroism           |       |       |     1 |     1 ||     2
       Finesse           |       |       |       |     1 ||     1
Evoke: Wand              |       |       |     9 |     1 ||    10
  Use: Scroll            |     3 |    12 |     5 |     2 ||    22
       Potion            |       |       |     3 |     3 ||     6
Armor: Chain mail        |    61 |    99 |   143 |    68 ||   371
Dodge: Dodged            |    32 |    54 |    94 |    36 ||   216
Block: Buckler           |    20 |    35 |    85 |    17 ||   157

Levels and vault maps discovered:
D:1:      dpeg_arrival_fog, layout_loops_ring, serial_shops,
          nicolae_square_shop, basic_ecumenical_altar, dk_noncrumbling_4
D:2:      layout_basic
D:3:      layout_basic
D:4:      layout_basic, mainiacjoe_overflow_24_doors, minmay_temple_entry_arrows
D:5:      minmay_evil_eye, layout_basic, uniq_edmund
D:6:      layout_gridville, uniq_duvessa
D:7:      layout_loops_ring, centaur_isle, uniq_joseph, uniq_prince_ribbit1,
          uniq_menkaure
D:8:      minmay_the_grid_octo_triangle [minmay_the_grid_octo_odd_swirl,
          minmay_the_grid_octo_prize_star, minmay_the_grid_octo_shrine],
          layout_cave_pods, serial_shops, shop, minmay_chambers_of_fives
Temple:   mainiacjoe_temple_circle_huts

Notes
Turn   | Place    | Note
-------+----------+-------------------------------------------
     0 | D:1      | xzight the Gargoyle Fighter began the quest for the Orb.
     0 | D:1      | Reached XP level 1. HP: 14/14 MP: 1/1
   184 | D:1      | Reached skill level 2 in Axes
   220 | D:1      | Reached XP level 2. HP: 19/19 MP: 2/2
   226 | D:1      | Found a faded altar of an unknown god.
   420 | D:1      | Found Fuizapta's Magic Scroll Emporium.
  1003 | D:2      | Reached XP level 3. HP: 23/23 MP: 3/3
  1512 | D:3      | Reached XP level 4. HP: 29/29 MP: 4/4
  1737 | D:3      | Reached skill level 3 in Axes
  1857 | D:3      | Reached skill level 4 in Shields
  1861 | D:3      | Reached XP level 5. HP: 29/33 MP: 5/5
  1864 | D:3      | Reached skill level 4 in Armour
  2018 | D:3      | Reached skill level 4 in Fighting
  2348 | D:4      | Found a broken altar of Ashenzari.
  2785 | D:4      | Reached XP level 6. HP: 37/39 MP: 6/6
  2798 | D:4      | Found a staircase to the Ecumenical Temple.
  2806 | Temple   | Entered the Ecumenical Temple
  2938 | Temple   | Became a worshipper of Warmaster Okawaru
  3084 | Temple   | Identified a scroll of acquirement
  3086 | Temple   | Acquired the ring of Red Wine {rElec rC+ Str-4 Int+2}
  3693 | D:5      | Entered Level 5 of the Dungeon
  3710 | D:5      | Reached skill level 4 in Axes
  3815 | D:5      | Acquired a +0 vorpal broad axe
  3951 | D:5      | Reached * piety under Okawaru
  3952 | D:5      | Reached XP level 7. HP: 30/44 MP: 7/7
  4088 | D:5      | Noticed a yak
  4088 | D:5      | Noticed a yak
  4096 | D:5      | Noticed a yak
  4135 | D:5      | Killed a yak
  4136 | D:5      | Reached skill level 5 in Armour
  4136 | D:5      | Reached skill level 1 in Invocations
  4139 | D:5      | Killed a yak
  4140 | D:5      | Reached skill level 5 in Fighting
  4140 | D:5      | Reached skill level 5 in Axes
  4140 | D:5      | Reached skill level 5 in Shields
  4143 | D:5      | Reached ** piety under Okawaru
  4144 | D:5      | HP: 4/44 [yak (5)]
  4224 | D:4      | Killed a yak
  4225 | D:4      | Reached skill level 2 in Invocations
  4225 | D:4      | Reached XP level 8. HP: 23/49 MP: 9/9
  4444 | D:5      | Noticed Edmund
  4471 | D:5      | Killed Edmund
  5304 | D:6      | Reached skill level 3 in Invocations
  5532 | D:6      | Reached skill level 6 in Axes
  5564 | D:6      | Reached skill level 6 in Armour
  5688 | D:6      | Reached skill level 6 in Fighting
  5688 | D:6      | Reached skill level 6 in Shields
  5751 | D:6      | Reached XP level 9. HP: 48/55 MP: 11/11
  5800 | D:6      | Reached *** piety under Okawaru
  6252 | D:6      | Noticed Dowan
  6252 | D:6      | Noticed Duvessa
  6261 | D:6      | Killed Duvessa
  6262 | D:6      | Reached skill level 4 in Invocations
  6266 | D:6      | Killed Dowan
  6451 | D:7      | Noticed Joseph
  6454 | D:7      | Noticed Prince Ribbit
  6570 | D:7      | Killed Prince Ribbit
  6571 | D:7      | Reached skill level 7 in Axes
  6601 | D:7      | Killed Joseph
  6601 | D:7      | Reached **** piety under Okawaru
  6974 | D:7      | Noticed Menkaure
  7495 | D:7      | Reached skill level 7 in Armour
  7495 | D:7      | Reached skill level 7 in Shields
  7497 | D:7      | Reached skill level 7 in Fighting
  7501 | D:7      | Killed Menkaure
  7502 | D:7      | Reached skill level 5 in Invocations
  7502 | D:7      | Reached XP level 10. HP: 32/63 MP: 13/13
  8965 | D:8      | Reached skill level 8 in Axes
  9122 | D:8      | Found a sacrificial altar of Ru.
  9123 | D:8      | Found a glowing silver altar of Zin.
  9124 | D:8      | Found a snail-covered altar of Cheibriados.
  9124 | D:8      | Found an opulent altar of Gozag.
  9142 | D:8      | Noticed a two-headed ogre
  9144 | D:8      | Found Xuokkoom's Armour Boutique.
  9314 | D:8      | Noticed a boulder beetle
  9535 | D:8      | Noticed a gargoyle
  9535 | D:8      | Noticed a green ugly thing
  9598 | D:8      | Noticed a skeletal warrior
  9802 | D:8      | Noticed a two-headed ogre
  9816 | D:8      | Killed a two-headed ogre
  9822 | D:8      | Killed a gargoyle
  9930 | D:8      | Noticed a fire crab
  9946 | D:8      | Killed a fire crab
  9946 | D:8      | Reached ***** piety under Okawaru
  9946 | D:8      | HP: 2/64 [something (30)]
  9947 | D:8      | Reached skill level 6 in Invocations
 10287 | D:8      | Mangled by a boulder beetle

Vanquished Creatures
  A two-headed ogre (D:8)
  A fire crab (shapeshifter) (D:8)
  Joseph (D:7)
  A gargoyle (D:8)
  Prince Ribbit (D:7)
  4 yaks
  A steam dragon (D:8)
  A vampire mosquito (D:7)
  Menkaure (D:7)
  Edmund (D:5)
  Duvessa (D:6)
  2 water moccasins (D:6)
  2 ice beasts
  An orc warrior (D:8)
  8 centaurs
  A phantom (D:7)
  4 ogres
  2 kobold brigands
  2 bullfrogs
  3 scorpions
  A wyvern zombie (D:7)
  Dowan (D:6)
  A centaur zombie (D:8)
  A bullfrog zombie (D:6)
  4 hounds
  A bullfrog skeleton (D:6)
  A centaur skeleton (D:5)
  A jelly (D:4)
  2 orc priests
  A gnoll shaman (D:7)
  3 iguanas
  2 orc wizards
  A killer bee zombie (D:5)
  A hound skeleton (D:5)
  5 gnolls (D:7)
  8 adders
  A shadow imp (D:8)
  A white imp (D:7)
  An ufetubus (D:6)
  An adder skeleton (D:4)
  2 worms
  3 dart slugs
  10 orcs
  7 bats
  3 endoplasms
  4 giant cockroaches
  5 goblins
  5 hobgoblins
  2 quokkas
  6 ball pythons
  3 frilled lizards
  8 kobolds
  3 rats
138 creatures vanquished.

Table legend: (Time is in decaauts)
 A = Elapsed time spent in this place.
 B = Non-inter-level travel time spent in this place.
 C = Inter-level travel time spent in this place.
 D = Time resting spent in this place.
 E = Time spent auto-exploring this place.
 F = Levels seen in this place.
 G = Mean time per level.
                   A        B        C        D        E       F      G
               +--------+--------+--------+--------+--------+-----+--------+
         Total |  10456 |   9982 |    474 |   3215 |   4732 |   9 | 1161.8 |
       Dungeon |  10082 |   9631 |    451 |   3155 |   4490 |   8 | 1260.2 |
        Temple |    373 |    350 |     23 |     60 |    242 |   1 |  373.0 |
               +--------+--------+--------+--------+--------+-----+--------+

Top non-repeatable levels by time:
     D:7: 3039 daAuts
     D:4: 1381 daAuts
     D:5: 1317 daAuts
     D:6: 1316 daAuts
     D:1: 776 daAuts
     D:8: 768 daAuts
     D:3: 747 daAuts
     D:2: 735 daAuts
  Temple: 373 daAuts

Table legend:
 A = Non-vault XP
 B = Vault XP
 C = Vault XP percentage of total XP
 D = Non-vault monster count
 E = Vault monster count
 F = Vault count percentage of total count
                 A         B        C        D         E       F
            +---------+---------+-------+---------+---------+-------
      Total |    3646 |    4484 |  55.2 |     114 |      24 |  17.4
            +---------+---------+-------+---------+---------+-------
        D:1 |      22 |       0 |   0.0 |      12 |       0 |   0.0
        D:2 |      50 |       0 |   0.0 |      14 |       0 |   0.0
        D:3 |     111 |       0 |   0.0 |      21 |       0 |   0.0
        D:4 |     431 |       0 |   0.0 |      16 |       0 |   0.0
        D:5 |     831 |     327 |  28.2 |      11 |       4 |  26.7
        D:6 |    1154 |     221 |  16.1 |      17 |       2 |  10.5
        D:7 |     435 |    1442 |  76.8 |      15 |      10 |  40.0
        D:8 |     612 |    2494 |  80.3 |       8 |       8 |  50.0
            +---------+---------+-------+---------+---------+-------
